cohdb
Replays
Latest Replays
All Replays
Popular Replays
Top Player Replays
Match Explorer
How It Works
Community
CoH3 Stats
Reddit
Sign in to upload your games and track your stats! →
Sign in with Steam
Match 47466662
Unlisted
Match 47466662
Overview
Messages
Build Orders
End
Vickers Machine Gun Team
Construct Section Command Post
Infantry Section
Infantry Section
Grenade Package
Construct Field Infirmary
Construct Platoon Command Post
CMP 15cwt Truck
6-pounder Anti-tank Gun Team
Unlock M3 Stuart Light Tanks
Selects Air and Sea Battlegroup
Selects Commando Section Paradrop
Selects Commando Support Section Paradrop
Commando Support Section Paradrop
ML 3-inch Mortar Team
Vickers Machine Gun Team
Commando Support Section Paradrop
M3 Stuart Light Tank
Construct Company Command Post
Selects Naval Blockade
MaximMilian
CnoHcop_KBH
Nikki05
ese_oso_peligroso
Łowca Szczupaków
redfox
6block
Good day
0
0
Comments
sign in to comment!
No comments posted yet!